 Dungeon Crawl Stone Soup version 0.27-a0-61-g21144fbd99 (webtiles) character file.

Game seed: 15386554046369503706

1 thedisplayname the Cutter (level 1, 0/16 HPs)
             Began as an Octopode Chaos Knight on Jan 8, 2021.
             Was a Plaything of Xom.
             Slain by a hobgoblin (1 damage)
             ... on level 2 of the Dungeon.
             The game lasted 00:01:00 (72 turns).

thedisplayname the Cutter (Octopode Chaos Knight)     Turns: 72, Time: 00:01:03

Health: 0/16       AC:  1    Str: 11    XL:     1   Next: 20%
Magic:  1/1        EV: 13    Int: 14    God:    Xom [..*...]
Gold:   0          SH:  0    Dex: 11    Spells: 0/0 levels left

rFire    . . .     SeeInvis .   a - +0 short sword (chaos)
rCold    . . .     Faith    .   (no shield)
rNeg     . . .     Spirit   .   (helmet restricted)
rPois    .         Reflect  .   (no amulet)
rElec    .         Harm     .   (no ring)
rCorr    .         Rampage  .   (no ring)
Will     .....                  (no ring)
Stlth    ++........             (no ring)
HPRegen  0.05/turn              (no ring)
MPRegen  0.07/turn              (no ring)
                                (no ring)
                                (no ring)

@: no status effects
A: almost no armour, stealthy swim, amphibious, 8 rings, constrict 8, camouflage
1, gelatinous body 1
a: Renounce Religion


You were on level 2 of the Dungeon.
You worshipped Xom.
You were a toy of Xom.
You visited 1 branch of the dungeon, and saw 2 of its levels.

Inventory:

Hand Weapons
 a - a +0 short sword of chaos (weapon)


   Skills:
 - Level 3.0 Fighting
 + Level 3.0 Short Blades
 * Level 2.4 Dodging
 + Level 0.2 Stealth


You couldn't memorise any spells.
You didn't know any spells.
Your spell library was empty.

Dungeon Overview and Level Annotations

Branches:
Dungeon (1/15)

Altars:

Annotations:
D:2 Terence


Innate Abilities, Weirdness & Mutations

You cannot wear most types of armour.
You are very stealthy in the water. (Stealth+)
You are amphibious.
You can wear up to eight rings at the same time.
You can use your tentacles to constrict eight enemies at once.
Your skin changes colour to match your surroundings (Stealth+).
Your rubbery body absorbs attacks. (AC +1, EV +1)


Message History

You see here a dagger.
A bat comes into view.
The ball python closely misses you. The ball python barely misses you.
The ball python closely misses you. x2
A hobgoblin comes into view.
The hobgoblin shouts!
The hobgoblin misses you. The ball python bites you.
* * * LOW HITPOINT WARNING * * *
The ball python closely misses you.
You closely miss the hobgoblin. You grab the hobgoblin.
You constrict the hobgoblin. The ball python barely misses you.
The ball python closely misses you. The hobgoblin closely misses you.
You barely miss the hobgoblin.
The hobgoblin is moderately wounded.
You constrict the hobgoblin, but do no damage.
Xom smirks.
You detect items!
The ball python barely misses you. The ball python completely misses you.
The hobgoblin hits you.
You die... "It was about time."

..###.#########....
.........F..F......
..#######g#######.#
.. #.# #.# ..
#.#######.# ..
#.....F)..# ..
#.#######g# #@
#.#######S# #.
#......g@.#
..######### ###


You could see a hobgoblin, a goblin and a ball python.

Vanquished Creatures
  A bat (D:2)
1 creature vanquished.

Notes
Turn   | Place    | Note
-------+----------+-------------------------------------------
     0 | D:1      | thedisplayname the Octopode Chaos Knight began the quest
                  | for the Orb.
     0 | D:1      | Reached XP level 1. HP: 16/16 MP: 1/1
    35 | D:1      | You fall into a shaft and drop 1 floor!
    43 | D:2      | Noticed Terence
    48 | D:2      | Noticed a bullfrog
    59 | D:2      | XOM: silly message
    72 | D:2      | XOM: divination: detect items
    72 | D:2      | Slain by a hobgoblin

Illustrated notes

Levels and vault maps discovered:
D:1:      lightli_arrival_windingriver, layout_loops_ring
D:2:      cheibrodos_pilgrimage, layout_loops_ring, uniq_natasha, uniq_terence

Action                   || total
-------------------------++-------
Melee: Short sword       ||     6
       Constrict         ||     2
Armor: Skin              ||     2
Dodge: Dodged            ||    17

Table legend: (Time is in decaauts)
 A = Elapsed time spent in this place.
 B = Non-inter-level travel time spent in this place.
 C = Inter-level travel time spent in this place.
 D = Time resting spent in this place.
 E = Time spent auto-exploring this place.
 F = Levels seen in this place.
 G = Mean time per level.
                   A        B        C        D        E       F      G
               +--------+--------+--------+--------+--------+-----+--------+
         Total |     71 |     71 |      0 |      0 |     35 |   2 |   35.5 |
       Dungeon |     71 |     71 |      0 |      0 |     35 |   2 |   35.5 |
               +--------+--------+--------+--------+--------+-----+--------+

Top non-repeatable levels by time:
     D:2: 36 daAuts
     D:1: 35 daAuts
